 Dungeon Crawl Stone Soup version 0.27.1 (webtiles) character file.

Game seed: 3880391641535923642

75 MacCMillion the Covered (level 4, -9/40 HPs)
             Began as a Hill Orc Fighter on Aug 28, 2021.
             Killed by nerve-wracking pain
             ... invoked by an orc priest
              (10 damage)
             ... on level 3 of the Dungeon.
             The game lasted 00:04:36 (1964 turns).

MacCMillion the Covered (Hill Orc Fighter)          Turns: 1964, Time: 00:04:37

Health: -9/40      AC:  8    Str: 19    XL:     4   Next: 31%
Magic:  4/4        EV:  7    Int:  8    God:
Gold:   131        SH:  9    Dex: 10    Spells: 3/3 levels left

rFire    . . .     SeeInvis .   a - +0 war axe
rCold    . . .     Faith    .   c - +0 kite shield
rNeg     . . .     Spirit   .   b - +0 scale mail
rPois    .         Reflect  .   (no helmet)
rElec    .         Harm     .   (no cloak)
rCorr    .         Rampage  .   l - +0 pair of gloves
Will     .....                  (no boots)
Stlth    ..........             (no amulet)
HPRegen  0.13/turn              (no ring)
MPRegen  0.09/turn              (no ring)

@: no status effects
A: no striking features
a: Convert to Beogh


You were on level 3 of the Dungeon.
You visited 1 branch of the dungeon, and saw 3 of its levels.

You collected 131 gold pieces.

Inventory:

Hand Weapons
 a - a +0 war axe (weapon)
Armour
 b - a +0 scale mail (worn)
 c - a +0 kite shield (worn)
 l - a +0 pair of gloves (worn)
Scrolls
 e - a scroll of enchant armour {unknown}
 f - 4 scrolls of identify {unknown}
 g - 4 scrolls of fear {unknown}
 h - a scroll of vulnerability {unknown}
 i - 3 scrolls of noise {unknown}
Potions
 d - a potion of might
 j - a potion of curing {unknown}
 k - a potion of heal wounds {unknown}


   Skills:
 + Level 4.0 Fighting
 + Level 3.9 Axes
 + Level 4.1 Armour
 - Level 0.1 Dodging
 + Level 3.8 Shields


You had 3 spell levels left.
You didn't know any spells.
Your spell library was empty.

Dungeon Overview and Level Annotations

Branches:
Dungeon (3/15)

Altars:

Shops:
D:3 [:


Message History

You hit the orc priest.
The orc priest is lightly wounded.
The orc priest shouts, "Beogh is our master!
Accept the truth or die!"
The orc priest hits you with a +0 short sword.
You closely miss the orc priest.
The orc priest is lightly wounded.
The orc priest closely misses you.
The orc priest shouts, "Beogh is our master!
Accept the truth or die!"
The orc priest hits you with a +0 short sword.
You barely miss the orc priest.
The orc priest is lightly wounded.
The orc priest hits you but does no damage.
The orc priest begins to cast a cantrip, but forgets the words!
You closely miss the orc priest.
The orc priest is lightly wounded.
The orc priest shouts, "Join the one true god or die!"
The orc priest closely misses you.
You closely miss the orc priest.
The orc priest shouts, "Join the one true god or die!"
The orc priest is lightly wounded.
You block the orc priest's attack. x2
You slash the orc priest!
The orc priest is severely wounded.
The orc priest hits you but does no damage.
You barely miss the orc priest.
The orc priest is severely wounded.
The orc priest barely misses you.
The orc priest hits you but does no damage.
You hit the orc priest but do no damage.
The orc priest is severely wounded.
The orc priest threatens, "By the altar or by the axe, you will meet Beogh!"
The orc priest hits you with a +0 short sword.
You hit the orc priest.
The orc priest is almost dead.
The orc priest invokes the aid of Beogh against you.
Beogh smites you!
* * * LOW HITPOINT WARNING * * *
The orc priest mumbles some strange prayers to Beogh against you.
Pain shoots through your body!
You die...

### #.#### #....#
#.##.##############
#.#............@o.#
##.#..############.#
#.........................
#....................o.o..
#.........................
#........................o
#.........................
#.........................
#.........................


You could see 2 orc priests.

Vanquished Creatures
  2 adders (D:3)
  A worm (D:3)
  A dart slug (D:1)
  2 orcs (D:3)
  4 ball pythons
  9 endoplasms
  2 giant cockroaches
  2 goblins
  6 hobgoblins
  2 jackals (D:1)
  5 bats
  2 kobolds (D:1)
  11 rats
49 creatures vanquished.

Notes
Turn   | Place    | Note
-------+----------+-------------------------------------------
     0 | D:1      | MacCMillion the Hill Orc Fighter began the quest for the
                  | Orb.
     0 | D:1      | Reached XP level 1. HP: 19/19 MP: 1/1
   490 | D:1      | Reached XP level 2. HP: 27/27 MP: 2/2
   543 | D:1      | Found a faded altar of an unknown god.
   835 | D:1      | Reached XP level 3. HP: 33/33 MP: 3/3
  1653 | D:3      | Found Wedac's Antique Armour Shoppe.
  1688 | D:3      | Found Henes's Book Emporium.
  1845 | D:3      | Reached XP level 4. HP: 36/40 MP: 4/4
  1964 | D:3      | HP: 1/40 [orc priest/divine providence (15)]
  1964 | D:3      | Killed from afar by an orc priest

Illustrated notes

Levels and vault maps discovered:
D:1:      lightli_arrival_isolated_outpost, layout_loops_cross,
          shapermc_ecumenical_altar_mp_urbaneastern,
          chequers_serial_rivers_small_3
D:2:      layout_basic
D:3:      layout_basic, serial_shops, shop, nicolae_shop_waterfront,
          uniq_natasha

Skill      XL: |  1  2  3 |
---------------+----------+-----
Axes           | 3 |  3.9
Armour         | 4 |  4.1
Fighting       | 4 |  4.0
Dodging        | |  0.1
Shields        | |  3.8

Action                   |  1- 3 |  4- 6 || total
-------------------------+-------+-------++-------
Melee: War axe           |   109 |    30 ||   139
Armor: Scale mail        |    58 |    12 ||    70
Dodge: Dodged            |    33 |     9 ||    42
Block: Kite shield       |    60 |    12 ||    72
